AoeStats
← TheQuietRiot

Arena

505002349Analyzed
1v1 RM · 25d ago on Sep 7, 2026· 41m 32s· 2 players
Game mode
Random Map
Map size
Tiny (2 player)
Population
200
Speed
Normal
Resources
Standard
Victory
Conquest
Starting age
Dark Age
Ending age
Imperial Age
RankedLock teamsTeams togetherTeam positionsShared explorationLock speedFull tech treeHidden civsTurbo modeCheats
Victory
Defeat
🇹🇷 Britons · Türkiye
974
+15
🇬🇧 Britons · United Kingdom
945
-15
sultanmuradhan
10:40 Feudal Age
13:44 Loom
16:31 Castle Age
15:42 Double-Bit Axe
24:40 Padded Archer Armor
26:44 Wheelbarrow
30:16 Imperial Age
28:26 Fletching
28:54 Gold Mining
30:19 Ballistics
31:00 Bodkin Arrow
32:32 Chemistry
34:58 Bracer
36:34 Bow Saw
37:12 Gold Shaft Mining
37:03 Hand Cart
36:34 Town Watch
36:32 Horse Collar
37:35 Elite Longbowman
38:45 Town Patrol
39:38 Yeomen
39:55 Conscription
40:23 Sappers
TheQuietRiot
9:25 Feudal Age
8:20 Loom
10:12 Double-Bit Axe
12:01 Horse Collar
13:06 Gold Mining
19:05 Castle Age
17:46 Stone Mining
17:47 Gold Mining
24:24 Gold Shaft Mining
26:07 Fletching
29:13 Padded Archer Armor
33:24 Light Cavalry
35:44 Forging
35:47 Husbandry
40:29 Elite Skirmisher
Connection lost

Rejoining the realm…

Still unreachable

The connection could not be restored.

Session expired

The server has moved on; the page needs a fresh start.